 Dungeon Crawl Stone Soup version 0.30-a0-1123-gabc949cf19 (webtiles) character file.

Game seed: 7278685806789266588

2479 themarg the Firebug (level 9, -1/68 HPs)
             Began as a Demonspawn Fire Elementalist on Apr 22, 2023.
             Was a Follower of Makhleb.
             Slain by a boulder beetle (9 damage)
             ... on level 8 of the Dungeon.
             The game lasted 00:19:16 (7161 turns).

themarg the Firebug (Demonspawn Fire Elementalist)  Turns: 7161, Time: 00:19:17

Health: -1/68      AC:  5    Str:  8    XL:     9   Next: 27%
Magic:  7/13       EV: 14    Int: 21    God:    Makhleb [*.....]
Gold:   346        SH:  0    Dex: 14    Spells: 8/14 levels left

rFire   . . .        a - +1 short sword (venom)
rCold   + . .        (no shield)
rNeg    . . .        D - +0 leather armour
rPois   +            (no helmet)
rElec   .            C - scarf {shadows}
rCorr   .            (no gloves)
SInv    .            H - +1 pair of boots {Fly}
Will    .....        s - amulet of magic regeneration
Stlth   ++           r - ring of poison resistance
HPRegen 0.31/turn    l - ring of protection from cold
MPRegen 0.66/turn

%: no passive effects
@: flying, hasted, very quick
A: magic regeneration, sturdy frame 2, weakness stinger 2
a: Renounce Religion


You were on level 8 of the Dungeon.
You worshipped Makhleb.
Makhleb was aware of your devotion.
You visited 1 branch of the dungeon, and saw 8 of its levels.

You collected 346 gold pieces.

Inventory:

Hand Weapons
 a - a +1 short sword of venom (weapon)
 b - a +2 battleaxe of flaming
 w - a +0 vampiric dagger
 K - a +0 hand axe of electrocution
Missiles
 d - 98 stones
 e - 19 poisoned darts
 o - 5 boomerangs
Armour
 C - a scarf of shadows (worn)
 D - a +0 leather armour (worn)
 H - a +1 pair of boots of flying (worn)
Jewellery
 g - a +6 ring of strength
 l - a ring of protection from cold (right hand)
 r - a ring of poison resistance (left hand)
 s - an amulet of magic regeneration (around neck)
Wands
 n - a wand of roots (1)
 x - a wand of flame (72)
 y - a wand of digging (6)
 G - a wand of paralysis (7)
 J - a wand of mindburst (10)
Scrolls
 c - a scroll of magic mapping {unknown}
 f - a scroll of brand weapon {unknown}
 i - 2 scrolls of enchant armour
 k - 4 scrolls of teleportation
 m - 3 scrolls of amnesia
 p - a scroll of silence {unknown}
 q - 2 scrolls of vulnerability
 u - 2 scrolls of blinking
 L - a scroll of enchant weapon {unknown}
Potions
 h - 9 potions of curing
 j - 2 potions of resistance
 t - 2 potions of might
 v - a potion of heal wounds {unknown}
 z - a potion of haste
 A - a potion of ambrosia {unknown}
 B - a potion of berserk rage {unknown}
 F - a potion of attraction {unknown}
 I - 3 potions of mutation
 M - a potion of cancellation {unknown}
 N - 2 potions of flight {unknown}


   Skills:
 - Level 5.0 Fighting
 - Level 5.0 Dodging
 - Level 3.0 Stealth
 - Level 3.0 Spellcasting
 - Level 6.0 Conjurations
 - Level 3.0 Translocations
 - Level 6.0 Fire Magic
 + Level 3.6 Invocations


You had 8 spell levels left.
You knew the following spells:

 Your Spells              Type           Power      Damage    Failure   Level
a - Foxfire               Conj/Fire      100%       2x1d9     1%          1
b - Scorch                Fire           56%        2d7       1%          2
c - Volatile Blastmotes   Fire/Tloc      44%        2d13      6%          3

Your spell library contained the following spells:

 Spells                   Type           Power      Damage    Failure   Level
 Apportation              Tloc           30%        N/A       3%          1
 Kiss of Death            Conj/Necr      60%        2d10      3%          1
 Flame Wave               Conj/Fire      28%        2d9       11%         4
 Inner Flame              Hex/Fire       15%        N/A       12%         3
 Necrotise                Necr           12%        1d4       13%         1
 Confusing Touch          Hex            3%         N/A       36%         3
 Vampiric Draining        Necr           3%         2d6       36%         3
 Dispel Undead            Necr           3%         3d7       78%         4
 Petrify                  Tmut/Erth      3%         N/A       78%         4
 Alistair's Intoxication  Tmut/Pois      2%         N/A       98%         5
 Metabolic Englaciation   Hex/Ice        1%         N/A       98%         5
 Statue Form              Tmut/Erth      2%         N/A       100%        6
 Summon Cactus Giant      Summ           1%         N/A       100%        6
 Borgnjor's Revivificati  Necr           1%         N/A       100%        8
 Necromutation            Tmut/Necr      1%         N/A       100%        8


Dungeon Overview and Level Annotations

Branches:
Dungeon (8/15)             Temple (0/1) D:5
   Lair: D:8-11

Altars:
Cheibriados
Dithmenos
Gozag
Hepliaklqana
Makhleb
Qazlal
Ru
Vehumet

Shops:
D:3 [   D:6 [


Innate Abilities, Weirdness & Mutations

You regenerate magic rapidly.
Your movements are less encumbered by armour. (ER -4)
You have a tail ending in a sharp stinger.


Message History

a - a +1 short sword of venom (weapon)
The boulder beetle bites you but does no damage.
You hit the boulder beetle but do no damage.
The boulder beetle is poisoned.
You tail-slap the boulder beetle, but do no damage.
The boulder beetle is lightly wounded.
The boulder beetle closely misses you.
You hit the boulder beetle.
The boulder beetle is lightly wounded.
The boulder beetle bites you!
Flames lash the boulder beetle but do no damage.
The boulder beetle misses you.
A cloud of volatile blastmotes flares up around you!
The boulder beetle barely misses you.
The boulder beetle attacks as you move away!
The boulder beetle closely misses you.
The boulder beetle is no longer more vulnerable to fire.
The cloud of blastmotes explodes!
The concussive blast engulfs the boulder beetle but does no damage.
The boulder beetle is lightly wounded.
The concussive blast engulfs you!!
You are knocked back by the blast.
A cloud of volatile blastmotes flares up around you!
The boulder beetle curls into a ball and begins rolling!
The boulder beetle looks more healthy.
The cloud of blastmotes explodes!
The concussive blast engulfs the boulder beetle.
The boulder beetle is moderately wounded.
A cloud of volatile blastmotes flares up around you!
The boulder beetle hits you!!
* * * LOW HITPOINT WARNING * * *
The boulder beetle stops rolling and uncurls.
The boulder beetle leaps!
You see here a +0 quarterstaff.
Okay, then.
Aiming: Mindburst
Press: ? - help, Shift-Dir - straight line, f - boulder beetle
Aim: a boulder beetle (moderately wounded, chance to affect: 47%)
The boulder beetle's mind is blasted!
It was a potion of haste.
You feel yourself speed up. The boulder beetle bites you!
You die...

#################
#............... #.#
#.......# #.# #.......#
#.# #.......## #.#
#.......##. #ยง#
#.......... ###@###
#.......##.
####..B..####.......###
#..)...................
#........#####.###.....
#.....###.....>........
#.....###.......##.....
#...............##.....
#...............#######
#...............#######


You could see a boulder beetle.

Vanquished Creatures
  Grinder (D:3)
  Prince Ribbit (D:8)
  Sigmund (D:2)
  Menkaure (D:4)
  A water moccasin (D:7)
  2 ice beasts (D:7)
  A sky beast (D:7)
  A black bear (D:4)
  A centaur (D:5)
  2 ogres
  A phantom (D:5)
  A gnoll sergeant (D:8)
  5 bullfrogs
  3 scorpions
  2 hounds
  2 orc priests (D:8)
  Jessica (D:3)
  2 sleepcaps
  Terence (D:3)
  An iguana (D:4)
  An orc wizard (D:3)
  3 gnolls (D:8)
  8 adders
  A worm (D:3)
  2 dart slugs
  13 orcs
  A bat (D:1)
  7 endoplasms
  4 giant cockroaches
  4 goblins
  9 hobgoblins
  A quokka (D:4)
  9 ball pythons
  A frilled lizard (D:3)
  12 kobolds
  8 rats
115 creatures vanquished.

Vanquished Creatures (others)
  182 foxfires
  2 plants (D:6)
184 creatures vanquished.

Grand Total: 299 creatures vanquished

Notes
Turn   | Place    | Note
-------+----------+-------------------------------------------
     0 | D:1      | themarg the Demonspawn Fire Elementalist began the quest
                  | for the Orb.
     0 | D:1      | Reached XP level 1. HP: 13/13 MP: 3/3
   480 | D:1      | Gained mutation: You regenerate magic rapidly. [demonic
                  | ancestry]
   480 | D:1      | Reached XP level 2. HP: 19/19 MP: 0/5
   483 | D:1      | Learned a level 2 spell: Scorch
  1577 | D:2      | Gained mutation: You have a small tail. [demonic ancestry]
  1577 | D:2      | Reached XP level 3. HP: 24/24 MP: 1/6
  1577 | D:2      | Noticed Sigmund
  1737 | D:2      | Killed Sigmund
  1738 | D:2      | Reached XP level 4. HP: 30/30 MP: 3/7
  1738 | D:2      | Gained mutation: Your movements are slightly less
                  | encumbered by armour. (ER -2) [demonic ancestry]
  1738 | D:2      | Reached XP level 5. HP: 35/35 MP: 3/8
  2459 | D:3      | Noticed Terence
  2467 | D:3      | Noticed Jessica
  2469 | D:3      | Killed Terence
  2491 | D:3      | Killed Jessica
  2492 | D:3      | Reached skill level 5 in Fire Magic
  2492 | D:3      | Gained mutation: Your movements are less encumbered by
                  | armour. (ER -4) [demonic ancestry]
  2492 | D:3      | Reached XP level 6. HP: 40/41 MP: 4/9
  2692 | D:3      | Found Uppuk's Armour Emporium.
  2804 | D:3      | Noticed Grinder
  2810 | D:3      | Paralysed by Grinder for 5 turns
  2816 | D:3      | Killed Grinder
  2969 | D:3      | Found a shadowy altar of Dithmenos.
  3077 | D:3      | Found a burning altar of Makhleb.
  3079 | D:3      | Noticed a green death
  3312 | D:3      | Noticed an orange demon
  3312 | D:3      | Noticed an orange demon
  3314 | D:3      | Became a worshipper of Makhleb the Destroyer
  3373 | D:3      | Reached XP level 7. HP: 46/46 MP: 6/11
  3510 | D:4      | Identified the ring "Aseidgh" {rF- EV+5 Str+4}
  3523 | D:4      | Noticed Menkaure
  3747 | D:4      | Killed Menkaure
  3748 | D:4      | Reached skill level 1 in Fighting
  4489 | D:4      | Reached skill level 1 in Translocations
  4591 | D:4      | Learned a level 3 spell: Volatile Blastmotes
  4627 | D:5      | Entered Level 5 of the Dungeon
  4658 | D:5      | Found a staircase to the Ecumenical Temple.
  4691 | D:5      | Reached XP level 8. HP: 61/61 MP: 6/12
  5311 | D:6      | Reached skill level 5 in Fighting
  5377 | D:6      | Found an opulent altar of Gozag.
  5411 | D:6      | Found a radiant altar of Vehumet.
  5486 | D:6      | Reached * piety under Makhleb
  5521 | D:6      | Found Zyrph's Antique Armour Boutique.
  6210 | D:7      | Reached skill level 5 in Conjurations
  6415 | D:7      | Got the Anthology of the Cemetery
  6431 | D:7      | Gained mutation: You have a tail ending in a sharp stinger.
                  | [demonic ancestry]
  6431 | D:7      | Reached XP level 9. HP: 68/68 MP: 10/13
  6723 | D:8      | Noticed Prince Ribbit
  6727 | D:8      | Killed Prince Ribbit
  6728 | D:8      | Reached skill level 5 in Dodging
  6728 | D:8      | Reached skill level 1 in Invocations
  6890 | D:8      | Found a snail-covered altar of Cheibriados.
  6890 | D:8      | Found a hazy altar of Hepliaklqana.
  6891 | D:8      | Found a stormy altar of Qazlal.
  7064 | D:8      | Found a sacrificial altar of Ru.
  7146 | D:8      | Noticed a boulder beetle
  7161 | D:8      | Slain by a boulder beetle

Illustrated notes

Levels and vault maps discovered:
D:1:      dpeg_arrival_circle_labyrinth_c, layout_loops_ring
D:2:      layout_basic, kennysheep_cross_bottleneck,
          chequers_serial_rivers_large_b, st_stairs_7, uniq_sigmund
D:3:      layout_loops_corners, lemuel_crystal_altar, makhleb_altar_promises_db,
          serial_shops, shop, kennysheep_generic_room_11, uniq_grinder,
          uniq_terence, uniq_jessica
D:4:      layout_loops_cross, grunt_ministairs_14, corexii_corridor_pit,
          dk_rats_in_the_wall, uniq_menkaure
D:5:      layout_rooms, minmay_temple_entry_arrows, amethyst_killhole
D:6:      layout_basic, mainiacjoe_overflow_catwalk,
          nicolae_vehumet_altar_sigil, serial_shops,
          nicolae_shop_overgrown_old_shop, dk_vineyard_1,
          nicolae_elevator_lobby_plus
D:7:      layout_rooms, serial_glass, glass_columns_a, glass_columns_a
D:8:      layout_basic, gammafunk_temple_overflow_claw,
          nicolae_ru_path_of_blood, uniq_prince_ribbit1

Skill      XL: |  1  2  3  4  5  6  7  8  9 |
---------------+----------------------------+-----
Stealth        | 2 3 |  3.0
Fire Magic     | 3 4 5 6 |  6.0
Conjurations   | 3 4 5 6 |  6.0
Spellcasting   | 3 |  3.0
Fighting       | 4 5 |  5.0
Translocations | 1 3 |  3.0
Dodging        | 4 5 |  5.0
Invocations    | 3 |  3.6

Action                     |  1- 3 |  4- 6 |  7- 9 || total
---------------------------+-------+-------+-------++-------
  Melee: Unarmed           |     6 |       |       ||     6
         Battleaxe         |       |     3 |     8 ||    11
         Short sword       |       |       |     2 ||     2
         Tailslap          |       |       |     1 ||     1
   Cast: Foxfire           |    43 |    18 |    50 ||   111
         Scorch            |    10 |    37 |    94 ||   141
         Volatile Blastmot |       |       |     6 ||     6
  Evoke: Wand              |       |       |     1 ||     1
    Use: Potion            |     1 |       |     1 ||     2
         Scroll            |       |       |    11 ||    11
 Armour: Robe              |     4 |     1 |     1 ||     6
         Leather armour    |       |       |     4 ||     4
  Dodge: Dodged            |    18 |     1 |    18 ||    37

Table legend: (Time is in decaauts)
 A = Elapsed time spent in this place.
 B = Non-inter-level travel time spent in this place.
 C = Inter-level travel time spent in this place.
 D = Time resting spent in this place.
 E = Time spent auto-exploring this place.
 F = Levels seen in this place.
 G = Mean time per level.
                   A        B        C        D        E       F      G
               +--------+--------+--------+--------+--------+-----+--------+
         Total |   7194 |   6866 |    328 |    339 |   5628 |   8 |  899.2 |
       Dungeon |   7194 |   6866 |    328 |    339 |   5628 |   8 |  899.2 |
               +--------+--------+--------+--------+--------+-----+--------+

Top non-repeatable levels by time:
     D:1: 1463 daAuts
     D:3: 1321 daAuts
     D:4: 1122 daAuts
     D:2: 750 daAuts
     D:6: 738 daAuts
     D:8: 674 daAuts
     D:5: 655 daAuts
     D:7: 468 daAuts
